 Dungeon Crawl Stone Soup version 0.23-a0-398-g8eab93fbe2 (webtiles) character file.

121041 Napalmbreeze the Eclecticist (level 16, -8/98 HPs)
             Began as a Deep Elf Fire Elementalist on Nov 2, 2018.
             Was the Champion of Vehumet.
             Mangled by a shambling mangrove (15 damage)
             ... on level 3 of the Swamp on Nov 3, 2018.
             The game lasted 02:23:29 (29400 turns).

Napalmbreeze the Eclecticist (DEFE)                Turns: 29400, Time: 02:23:36

Health: -8/98      AC:  6    Str:  5    XL:     16   Next: 31%
Magic:  5/48       EV: 18    Int: 28    God:    Vehumet [******]
Gold:   2714       SH:  6    Dex: 20    Spells: 12/49 levels left

rFire    + . .     SeeInvis .   t - staff of wizardry
rCold    . . .     Gourm    .   p - +0 buckler
rNeg     . . .     Faith    .   D - +1 robe {Archmagi}
rPois    +         Spirit   .   u - +0 helmet "Qeckacue" {*Contam rElec rPois Dex+5}
rElec    +         Reflect  .   P - scarf {repulsion}
rCorr    .         Harm     .   (no gloves)
MR       +....                  A - +1 pair of boots
Stlth    ++........             q - amulet of magic regeneration
HPRegen  0.26/turn              k - ring "Laewead" {rF+ Slay+3}
MPRegen  0.56/turn              y - ring of magical power

@: grasped by roots, constricted, repel missiles
A: no striking features
a: Renounce Religion


You were on level 3 of the Swamp.
You worshipped Vehumet.
Vehumet was exalted by your worship.
You were not hungry.

You visited 5 branches of the dungeon, and saw 28 of its levels.
You also visited: Labyrinth, Bailey and Ice Cave.

You collected 3196 gold pieces.
You spent 482 gold pieces at shops.

Inventory:

Armour
 d - the +0 cloak of Edetoe {+Fly}
   (You found it on level 10 of the Dungeon)

   It lets you fly.
 p - a +0 buckler (worn)
 u - the +0 helmet "Qeckacue" (worn) {*Contam rElec rPois Dex+5}
   (You bought it in a shop on level 5 of the Dungeon)

   It affects your dexterity (+5).
   It insulates you from electricity.
   It protects you from poison.
   It causes magical contamination when unequipped.
 A - a +1 pair of boots (worn)
 D - a +1 robe of the Archmagi (worn)
 P - a scarf of repulsion (worn)
Magical Staves
 t - an uncursed staff of wizardry (weapon)
Jewellery
 k - the ring "Laewead" (left hand) {rF+ Slay+3}
   (You found it on level 12 of the Dungeon)

   [ring of protection from fire]

   It affects your accuracy and damage with ranged weapons and melee attacks
   (+3).
   It protects you from fire.
 q - an amulet of magic regeneration (around neck)
 y - a ring of magical power (right hand)
 H - an uncursed ring of positive energy
 I - a +4 amulet of reflection
 X - an uncursed ring of protection from magic
Wands
 j - a wand of clouds (10)
 v - a wand of paralysis (10)
 E - a wand of enslavement (12)
 G - a wand of acid (20)
 N - a wand of iceblast (7)
 O - a wand of scattershot (3)
 S - a wand of digging (13)
Scrolls
 b - 2 scrolls of brand weapon
 e - 3 scrolls of magic mapping
 f - 13 scrolls of remove curse
 h - 2 scrolls of identify
 m - 19 scrolls of teleportation
 o - 3 scrolls of enchant armour
 r - 3 scrolls of immolation
 x - 2 scrolls of amnesia
 B - 5 scrolls of enchant weapon
 F - 2 scrolls of blinking
 Z - 4 scrolls of fog
Potions
 a - 2 potions of brilliance
 g - 8 potions of curing
 l - a potion of ambrosia
 n - 5 potions of resistance
 s - 4 potions of heal wounds
 w - 3 potions of invisibility
 z - 3 potions of mutation
 C - a potion of berserk rage
 K - 7 potions of agility
 M - a potion of magic
 Q - a potion of haste
 R - a potion of lignification
Miscellaneous
 i - a crystal ball of energy
Comestibles
 c - 28 rations
 J - 2 chunks of flesh


   Skills:
 + Level 10.5 Fighting
 + Level 11.1 Dodging
 - Level 2.4 Stealth
 + Level 4.5 Shields
 + Level 17.4 Spellcasting
 + Level 14.8 Conjurations
 - Level 8.0 Summonings
   Level 5.0 Translocations
 - Level 10.0 Fire Magic
 - Level 5.0 Poison Magic
 - Level 10.0 Evocations


You had 12 spell levels left.
You knew the following spells:

 Your Spells              Type           Power        Failure   Level  Hunger
a - Iron Shot             Conj/Erth      #######...   1%          6    ###....
c - Spellforged Servitor  Conj/Summ      #######...   1%          7    #####..
d - Conjure Flame         Conj/Fire      #######.     1%          3    None
e - Fireball              Conj/Fire      #######...   1%          5    None
f - Sticky Flame          Conj/Fire      #######.     1%          4    None
r - Orb of Destruction    Conj           ########..   1%          7    #####..
t - Venom Bolt            Conj/Pois      #######...   1%          5    None

Your spell library contained the following spells:

 Spells                   Type           Power        Failure   Level  Hunger
 Bolt of Cold             Conj/Ice       #######...   1%          6    ###....
 Flame Tongue             Conj/Fire      #####        0%          1    None
 Throw Flame              Conj/Fire      ######       0%          2    None
 Animate Skeleton         Necr           N/A          1%          1    None
 Confusing Touch          Hex            #####.       1%          1    None
 Corona                   Hex            #####..      1%          1    None
 Freeze                   Ice            ####         1%          1    None
 Pain                     Necr           ####         1%          1    None
 Summon Small Mammal      Summ           ####         1%          1    None
 Call Imp                 Summ           #######.     1%          2    None
 Ensorcelled Hibernation  Hex/Ice        #####.       1%          2    None
 Passwall                 Tmut/Erth      #####...     1%          2    None
 Swiftness                Chrm/Air       #####...     1%          2    None
 Throw Frost              Conj/Ice       ######       1%          2    None
 Call Canine Familiar     Summ           #######.     1%          3    None
 Dazzling Spray           Conj/Hex       ######       1%          3    None
 Gell's Gravitas          Tloc           ######....   1%          3    None
 Inner Flame              Hex/Fire       ######..     1%          3    None
 Summon Guardian Golem    Hex/Summ       ######..     1%          3    None
 Passage of Golubria      Tloc           N/A          1%          4    None
 Summon Ice Beast         Ice/Summ       ######..     1%          4    None
 Summon Lightning Spire   Summ/Air       ######..     1%          4    None
 Throw Icicle             Conj/Ice       #######.     1%          4    None
 Bolt of Magma            Conj/Fire/Erth #######...   1%          5    None
 Iskenderun's Battlesphe  Conj/Chrm      #######.     1%          5    None
 Confuse                  Hex            #####...     2%          3    None
 Ozocubu's Armour         Chrm/Ice       #####...     2%          3    None
 Regeneration             Chrm/Necr      #####.....   2%          3    None
 Tukima's Dance           Hex            #####...     2%          3    None
 Vampiric Draining        Necr           #####.....   2%          3    None
 Lee's Rapid Deconstruct  Erth           #####.....   6%          5    None
 Yara's Violent Unravell  Hex/Tmut       #####.....   6%          5    None
 Animate Dead             Necr           N/A          8%          4    None
 Petrify                  Tmut/Erth      #####...     8%          4    None
 Metabolic Englaciation   Hex/Ice        #####.....   21%         5    None
 Darkness                 Hex            #####.....   71%         6    ###....
 Invisibility             Hex            #####...     71%         6    ###....


Dungeon Overview and Level Annotations

Branches:
Dungeon (15/15)            Temple (1/1) D:7            Lair (6/6) D:10
  Swamp (4/4) Lair:4       Spider (0/4) Lair:4        Slime (0/5) Lair:5
    Orc (2/2) D:10            Elf (0/3) Orc:2        Vaults (0/5) D:13
 Depths (0/5) D:15

Altars:
Ashenzari
Cheibriados
Dithmenos
Elyvilon
Fedhas
Gozag
Hepliaklqana
Kikubaaqudgha
Makhleb
Nemelex Xobeh
Okawaru
Qazlal
Ru
Sif Muna
Trog
Uskayaw
Vehumet
Wu Jian
Xom
Yredelemnul
Zin
The Shining One
Beogh

Shops:
D:5 ?*%!*   D:10 (   Orc:2 :*[


Message History

The bolt of acid hits the shambling mangrove.
The shambling mangrove is splashed with acid.
The shambling mangrove is lightly damaged.
Your spellforged servitor launches a ball of destructive magic.
Your spellforged servitor hums quietly as it recharges.
Roots burst forth from the earth!
The grasping roots grab you! The grasping roots constrict you!
The wavering orb of destruction hits the shambling mangrove.
Evoke which item? (* to show all) (? for menu, Esc to quit)
Aiming: Corrosive Bolt
Press: ? - help, Shift-Dir - straight line, f/p - shambling mangrove
Aim: a shambling mangrove (heavily damaged)
The bolt of acid hits the shambling mangrove.
The shambling mangrove is splashed with acid.
The shambling mangrove is severely damaged.
Your spellforged servitor hums quietly as it recharges.
The shambling mangrove hits you!!
* * * LOW HITPOINT WARNING * * *
You die...

♣.....≈≈♣≈..≈#.(....)
♣≈≈≈≈≈≈≈≈....###'''##
♣≈≈≈≈♣♣♣≈≈.≈♣≈.......
♣♣≈≈♣♣ ♣≈...≈....≈♣♣♣
♣♣♣♣♣♣♣≈≈≈≈≈..≈.≈.♣♣
♣♣≈≈§.≈≈≈♣.≈≈≈≈.♣♣
♣≈≈≈≈.≈≈≈[≈≈≈≈≈≈♣♣
♣♣♣♣f≈≈....≈....≈≈.§♣
♣.8§@...≈≈≈≈≈≈≈...≈≈≈
♣♣♣♣≈.♣≈..≈≈≈≈≈≈≈≈≈≈..♣
♣♣♣≈.≈♣♣♣♣♣≈.≈≈.≈≈≈≈≈≈..♣
♣♣≈≈≈..≈♣♣♣≈..≈≈..(.≈≈.♣♣♣
♣≈.≈≈≈...≈≈.≈≈≈≈≈≈≈≈≈≈.♣♣♣
♣♣.≈≈≈≈≈..≈.≈≈≈≈.≈≈≈≈≈≈♣≈♣
♣♣...≈≈≈.≈.........≈≈≈..≈§
♣♣...................≈≈...≈
♣.≈≈≈...≈≈.≈...._........≈.


You could see a shambling mangrove and a friendly spellforged servitor.

Vanquished Creatures
  A thorn hunter (Swamp:3)
  The ghost of Wiaff the Blocker, a journeyman MiFi of Okawaru (Swamp:3)
  A stone giant (Orc:1)
  5 slime creatures (D:15)
  A dire elephant (D:15)
  A minotaur (Lab)
  Erolcha (D:11)
  The ghost of Igov the Basher, a journeyman KoBe of Trog (D:10)
  3 ghost crabs
  A merfolk avatar (Lair:6)
  8 hydras
  5 centaur warriors
  2 shambling mangroves (Swamp:3)
  7 alligators
  7 two-headed ogres
  A queen ant (Lair:4)
  An ogre mage (D:13)
  2 catoblepae
  3 orc high priests (Orc:2)
  Sonja (D:11)
  A sea snake (Lair:6)
  3 unseen horrors
  2 skeletal warriors
  A spriggan druid (Swamp:4)
  The ghost of grizmgrazm2 the Insei, a novice OpTm of Kikubaaqudgha (D:7)
  2 swamp dragons (Swamp:1)
  Pikel (D:6)
  A deep elf archer (D:13)
  A harpy (Lair:6)
  A wizard (D:15)
  9 ugly things
  An orc knight (D:15)
  5 orc sorcerers (Orc:2)
  3 cyclopes
  A manticore (shapeshifter) (D:13)
  4 deep elf magi (D:13)
  A shining eye (shapeshifter) (D:15)
  A wolf spider (Lair:4)
  4 manticores
  Maurice (D:11)
  A black mamba (Lair:3)
  12 spiny frogs
  A gargoyle (D:6)
  2 yaktaurs (D:13)
  5 rime drakes
  10 komodo dragons
  2 freezing wraiths
  4 polar bears (Lair:6)
  A wind drake (Lair:6)
  6 tyrant leeches
  5 trolls
  Prince Ribbit (Lair:2)
  7 bog bodies
  10 blink frogs
  4 hornets
  8 hippogriffs
  3 dream sheep (Lair:6)
  2 redbacks (Lair:4)
  4 shadows
  4 wyverns
  A vampire (D:12)
  2 wraiths
  Eustachio (D:6)
  6 basilisks
  16 yaks
  2 hungry ghosts
  13 vampire mosquitoes
  A warg (Orc:1)
  7 insubstantial wisps
  15 swamp worms
  5 soldier ants (Lair:4)
  14 water moccasins
  7 porcupines
  12 ice beasts
  8 swamp drakes
  A slave (D:6)
  A hornet zombie (D:15)
  40 orc warriors
  13 ogres
  4 phantoms
  7 sky beasts
  A necrophage (D:10)
  14 wolves
  14 crocodiles
  20 centaurs
  A big kobold (D:10)
  28 bullfrogs
  A wyvern skeleton (D:14)
  A water moccasin skeleton (D:8)
  2 scorpions
  9 wights
  4 electric eels
  5 centaur zombies
  10 crimson imps
  4 jellies
  2 quasits
  2 bullfrog zombies
  5 hounds
  21 orc priests
  3 bullfrog skeletons
  19 orc wizards
  3 iguanas
  Crazy Yiuf (D:6)
  7 centaur skeletons
  16 worker ants
  3 ogre skeletons (Lab)
  A hound skeleton (D:5)
  A mummy (D:5)
  2 worker ant zombies
  2 howler monkey zombies
  14 gnolls
  12 adders
  7 shadow imps
  12 white imps (D:13)
  3 oozes
  2 adder zombies
  An adder skeleton (D:5)
  5 worms
  2 dart slugs
  8 leopard geckos
  100 orcs
  2 ball pythons
  7 giant cockroaches
  14 goblins
  10 hobgoblins
  7 jackals
  7 quokkas
  11 bats
  7 frilled lizards
  A jackal zombie (D:5)
  24 kobolds
  A leopard gecko skeleton (D:5)
  11 rats
  A plant (Lair:6)
836 creatures vanquished.

Vanquished Creatures (collateral kills)
  An orc warlord (Orc:2)
  2 entropy weavers (Lair:4)
  A fire dragon (D:15)
  A hydra (D:15)
  Harold (D:11)
  An alligator (Swamp:4)
  A two-headed ogre (D:13)
  A death knight (D:15)
  3 spriggans
  3 skeletal warriors (D:15)
  4 orc knights (Orc:2)
  6 ugly things
  A wolf spider (D:15)
  2 cyclopes
  A manticore (D:15)
  An elephant (Lair:6)
  A black mamba (Lair:5)
  A centaur zombie (D:15)
  3 spiny frogs
  A rime drake (Lair:6)
  A komodo dragon (Lair:5)
  3 yaktaurs (D:13)
  4 centaur skeletons (D:13)
  A troll (Orc:1)
  A hornet (Swamp:3)
  A polar bear (Lair:5)
  A tyrant leech (Swamp:3)
  6 slime creatures (D:12)
  4 dream sheep (Lair:6)
  A wraith (D:13)
  9 yaks
  A wyvern (D:15)
  4 vampire mosquitoes
  4 insubstantial wisps
  9 soldier ants (Lair:4)
  4 ice beasts
  8 orc warriors
  2 centaurs (D:15)
  2 wolves (Lair:6)
  2 crocodiles
  A bullfrog (D:11)
  An orc priest (Orc:2)
  An orc wizard (Orc:1)
  An iguana (D:13)
  12 worker ants (Lair:4)
  3 orcs
  A plant (Lair:6)
124 creatures vanquished.

Vanquished Creatures (others)
  A swamp worm (Swamp:4)
  A slave (D:8)
  A centaur (D:8)
  A hound (D:5)
  An orc wizard (D:5)
  An orc (D:5)
  2 fungi (Lair:3)
  4 plants
12 creatures vanquished.

Grand Total: 972 creatures vanquished

Notes
Turn   | Place    | Note
-------+----------+-------------------------------------------
     0 | D:1      | Napalmbreeze the Deep Elf Fire Elementalist began the quest
                  | for the Orb.
     0 | D:1      | Reached XP level 1. HP: 10/10 MP: 6/6
   373 | D:1      | Reached XP level 2. HP: 12/15 MP: 8/8
   380 | D:1      | Learned a level 2 spell: Throw Flame
   834 | D:2      | Upgraded the game from 0.23-a0-395-gcf17ac6c65 to
                  | 0.23-a0-398-g8eab93fbe2
   849 | D:2      | Reached XP level 3. HP: 17/19 MP: 5/10
   854 | D:2      | Learned a level 3 spell: Conjure Flame
  1506 | D:2      | Reached XP level 4. HP: 24/24 MP: 5/11
  1559 | D:2      | Learned a level 4 spell: Sticky Flame
  1630 | D:2      | Reached skill level 4 in Spellcasting
  1678 | D:2      | Reached skill level 1 in Evocations
  1977 | D:2      | Reached XP level 5. HP: 24/28 MP: 3/13
  3776 | D:4      | Reached XP level 6. HP: 32/32 MP: 7/14
  3861 | D:4      | Found a white marble altar of Elyvilon.
  4227 | D:5      | Entered Level 5 of the Dungeon
  4240 | D:5      | Found Larimp's Distillery.
  4304 | D:5      | Found a shimmering altar of Xom.
  4304 | D:5      | Noticed an ice beast
  4312 | D:5      | Reached skill level 5 in Conjurations
  4321 | D:5      | Killed an ice beast
  4321 | D:5      | Reached skill level 5 in Spellcasting
  4335 | D:5      | Reached XP level 7. HP: 32/36 MP: 9/16
  4371 | D:5      | Found Coap's Assorted Antiques.
  4376 | D:5      | Bought a jewelled helmet for 228 gold pieces
  4381 | D:5      | Identified the cursed +0 helmet "Qeckacue" {*Contam rElec
                  | rPois Dex+5} (You bought it in a shop on level 5 of the
                  | Dungeon)
  4478 | D:5      | Reached skill level 5 in Fire Magic
  4554 | D:5      | Found Gyamefot's Food Shop.
  4601 | D:5      | Found Mifevie's Assorted Antiques.
  4809 | D:5      | Learned a level 5 spell: Fireball
  5042 | D:5      | Found a snail-covered altar of Cheibriados.
  5306 | D:5      | Found Veuquc's Magic Scroll Emporium.
  5326 | D:5      | Bought a scroll of remove curse for 30 gold pieces
  5326 | D:5      | Bought a scroll of teleportation for 30 gold pieces
  5326 | D:5      | Bought a scroll of identify for 20 gold pieces
  5439 | D:6      | Noticed a gargoyle
  5466 | D:6      | Killed a gargoyle
  5466 | D:6      | Reached skill level 6 in Spellcasting
  5466 | D:6      | Reached XP level 8. HP: 7/41 MP: 1/19
  5807 | D:6      | Found a basalt altar of Yredelemnul.
  5807 | D:6      | Found an ornate altar of the Wu Jian Council.
  5822 | D:6      | Got a faintly humming robe
  5833 | D:6      | Identified the +2 robe of Sif Muna's Reproof {rC- Int+4
                  | Dex+4 SInv} (You found it on level 6 of the Dungeon)
  6097 | D:6      | Noticed Pikel
  6116 | D:6      | Killed Pikel
  6116 | D:6      | Reached skill level 7 in Spellcasting
  6268 | D:6      | Found a runed door.
  6272 | D:6      | Noticed Crazy Yiuf
  6275 | D:6      | Killed Crazy Yiuf
  6482 | D:6      | Noticed Eustachio
  6489 | D:6      | Killed Eustachio
  6708 | D:7      | Reached XP level 9. HP: 46/46 MP: 17/22
  6914 | D:7      | Reached skill level 1 in Fighting
  6952 | D:7      | Reached skill level 8 in Spellcasting
  7145 | D:7      | Found a staircase to the Ecumenical Temple.
  7167 | Temple   | Entered the Ecumenical Temple
  7235 | Temple   | Became a worshipper of Vehumet
  7331 | D:7      | Noticed grizmgrazm2's ghost (novice OpTm)
  7332 | D:7      | Found a runed door.
  7347 | D:7      | Killed grizmgrazm2's ghost
  7616 | D:8      | Noticed a two-headed ogre
  7654 | D:8      | Killed a two-headed ogre
  7654 | D:8      | Reached skill level 5 in Dodging
  7654 | D:8      | Reached skill level 9 in Spellcasting
  7692 | D:8      | Reached XP level 10. HP: 55/55 MP: 18/25
  7989 | D:8      | Learned a level 3 spell: Gell's Gravitas
  8033 | D:8      | Reached * piety under Vehumet
  8033 | D:8      | Offered knowledge of Sting by Vehumet.
  8195 | D:8      | Reached skill level 1 in Translocations
  8730 | D:9      | Reached skill level 10 in Conjurations
  8735 | D:9      | Found a roughly hewn altar of Beogh.
  8851 | D:9      | Noticed a two-headed ogre
  8878 | D:9      | Killed a two-headed ogre
  8878 | D:9      | Reached skill level 10 in Spellcasting
  8934 | D:9      | Offered knowledge of Freeze by Vehumet.
  9012 | D:9      | Found a flagged portal.
  9014 | D:9      | Reached ** piety under Vehumet
  9027 | Bailey   | Entered a bailey
 10154 | D:9      | Found the +7 Singing Sword {slice, sonic wave}
 10403 | D:9      | Noticed a moth of wrath
 10406 | D:9      | Found a bloodstained altar of Trog.
 10412 | D:9      | Offered knowledge of Static Discharge by Vehumet.
 10414 | D:9      | Reached XP level 11. HP: 62/62 MP: 25/27
 10466 | D:10     | Entered Level 10 of the Dungeon
 10499 | D:10     | Found a runed gate.
 10499 | D:10     | Found a runed gate.
 10544 | D:10     | Noticed a two-headed ogre
 10566 | D:10     | Killed a two-headed ogre
 10660 | D:10     | Reached *** piety under Vehumet
 10767 | D:10     | Offered knowledge of Ignite Poison by Vehumet.
 10895 | D:10     | Found a roughly hewn altar of Beogh.
 10895 | D:10     | Found a staircase to the Orcish Mines.
 11023 | D:10     | Found Joaptith's Weapon Shop.
 11074 | D:10     | Found a staircase to the Lair.
 11123 | D:10     | Noticed Igov's ghost (journeyman KoBe)
 11124 | D:10     | Found a runed gate.
 11133 | D:10     | Found a roughly hewn altar of Beogh.
 11202 | D:10     | Killed Igov's ghost
 11202 | D:10     | Reached **** piety under Vehumet
 11202 | D:10     | Reached skill level 5 in Fighting
 11202 | D:10     | Reached skill level 11 in Spellcasting
 11258 | D:10     | Got a polished cloak
 11269 | D:10     | Identified the +0 cloak of Edetoe {+Fly} (You found it on
                  | level 10 of the Dungeon)
 11317 | Lair:1   | Entered Level 1 of the Lair of Beasts
 11325 | Lair:1   | Reached skill level 5 in Translocations
 11419 | Lair:1   | Offered knowledge of Venom Bolt by Vehumet.
 11420 | Lair:1   | Found a hide-covered altar of Uskayaw.
 11427 | Lair:1   | Learned a level 5 spell: Venom Bolt
 11453 | Lair:1   | Found a labyrinth entrance.
 11463 | Lab      | Entered a labyrinth
 12068 | Lab      | Noticed a minotaur
 12102 | Lab      | Killed a minotaur
 12102 | Lab      | Reached skill level 1 in Poison Magic
 12137 | Lair:1   | Reached skill level 10 in Fire Magic
 13028 | Lair:2   | Reached XP level 12. HP: 67/69 MP: 19/29
 13054 | Lair:2   | Noticed Prince Ribbit
 13134 | Lair:2   | Learned a level 7 spell: Orb of Destruction
 13167 | Lair:2   | Killed Prince Ribbit
 13190 | Lair:2   | Reached skill level 12 in Spellcasting
 13203 | Lair:2   | Noticed a six-headed hydra
 13213 | Lair:2   | Killed a six-headed hydra
 13314 | Lair:2   | Reached skill level 10 in Dodging
 13463 | Lair:3   | Reached ***** piety under Vehumet
 13481 | Lair:3   | Offered knowledge of Fulminant Prism by Vehumet.
 13669 | Lair:3   | Reached skill level 5 in Poison Magic
 13957 | Lair:3   | Noticed a six-headed hydra
 13967 | Lair:3   | Killed a six-headed hydra
 14003 | Lair:3   | Learned a level 7 spell: Spellforged Servitor
 14053 | Lair:3   | Reached skill level 1 in Summonings
 14519 | Lair:3   | Reached skill level 5 in Evocations
 14645 | Lair:4   | Found a hole to the Spider Nest.
 14744 | Lair:4   | Reached skill level 13 in Spellcasting
 15013 | Lair:4   | Noticed a queen ant
 15018 | Lair:4   | Noticed an entropy weaver
 15019 | Lair:4   | Killed a queen ant
 15019 | Lair:4   | Reached XP level 13. HP: 76/76 MP: 10/32
 15025 | Lair:4   | Killed an entropy weaver
 15094 | Lair:4   | Noticed an entropy weaver
 15099 | Lair:4   | Killed an entropy weaver
 15580 | Lair:4   | Reached skill level 5 in Summonings
 15638 | Lair:4   | Found a staircase to the Swamp.
 15891 | D:5      | Bought a scroll of amnesia for 84 gold pieces
 15891 | D:5      | Bought a bubbling orange potion for 21 gold pieces
 15891 | D:5      | Bought a red potion for 21 gold pieces
 15891 | D:5      | Bought a scroll of identify for 48 gold pieces
 16400 | Lair:5   | Found a staircase to the Slime Pits.
 17012 | Lair:5   | Found a staircase to the Slime Pits.
 17513 | Lair:6   | Entered Level 6 of the Lair of Beasts
 17696 | Lair:6   | Offered knowledge of Poison Arrow by Vehumet.
 18357 | Lair:6   | Reached skill level 1 in Shields
 18511 | Lair:6   | Reached skill level 14 in Spellcasting
 18890 | D:11     | Noticed Harold
 18896 | D:11     | Killed Harold
 18939 | D:11     | Reached XP level 14. HP: 79/84 MP: 32/34
 18940 | D:11     | Noticed Maurice
 18943 | D:11     | Killed Maurice
 19105 | D:11     | Noticed Sonja
 19106 | D:11     | Killed Sonja
 19618 | D:11     | Noticed Erolcha
 19625 | D:11     | Killed Erolcha
 19668 | D:11     | Offered knowledge of Lightning Bolt by Vehumet.
 20342 | D:12     | Found a hazy altar of Hepliaklqana.
 20349 | D:12     | Got a clouded amber ring
 20351 | D:12     | Identified the ring "Laewead" {rF+ Slay+3} (You found it on
                  | level 12 of the Dungeon)
 20602 | D:13     | Found a frozen archway.
 20636 | IceCv    | Entered an ice cave
 20649 | IceCv    | Found a transporter.
 22061 | D:13     | Found a gate to the Vaults.
 22297 | D:14     | Offered knowledge of Bolt of Fire by Vehumet.
 22298 | D:14     | Reached skill level 15 in Spellcasting
 23185 | D:15     | Entered Level 15 of the Dungeon
 23618 | D:15     | Reached XP level 15. HP: 56/90 MP: 18/36
 24264 | D:15     | Offered knowledge of Conjure Ball Lightning by Vehumet.
 24269 | D:15     | Reached skill level 10 in Evocations
 24431 | D:15     | Found a shadowy altar of Dithmenos.
 24611 | D:15     | Reached skill level 16 in Spellcasting
 24687 | D:15     | Reached skill level 10 in Fighting
 24791 | D:15     | Found a staircase to the Depths.
 25006 | Orc:1    | Entered Level 1 of the Orcish Mines
 25067 | Orc:2    | Entered Level 2 of the Orcish Mines
 25081 | Orc:2    | Found a staircase to the Elven Halls.
 25754 | Orc:2    | Noticed an orc warlord
 25761 | Orc:2    | Killed an orc warlord
 25917 | Orc:2    | Offered knowledge of Bolt of Cold by Vehumet.
 26242 | Orc:2    | Found Voerhaomp's Antique Armour Emporium.
 26243 | Orc:2    | Found Miopet's Antique Weapon Emporium.
 26244 | Orc:2    | Found Ygyunwih's General Store.
 26244 | Orc:2    | Found Yrutah's Book Shoppe.
 26575 | Swamp:1  | Entered Level 1 of the Swamp
 27353 | Swamp:2  | Reached skill level 17 in Spellcasting
 27719 | Swamp:2  | Learned a level 6 spell: Iron Shot
 27940 | Swamp:3  | Reached XP level 16. HP: 77/97 MP: 23/39
 27999 | Swamp:3  | Noticed a thorn hunter
 28055 | Swamp:3  | Killed a thorn hunter
 28439 | Swamp:3  | Found a basalt altar of Yredelemnul.
 28587 | Swamp:3  | Reached ****** piety under Vehumet
 29112 | Swamp:3  | Found a runed gate.
 29112 | Swamp:3  | Found a runed gate.
 29112 | Swamp:3  | Found a runed gate.
 29112 | Swamp:3  | Noticed Wiaff's ghost (journeyman MiFi)
 29124 | Swamp:3  | Killed Wiaff's ghost
 29318 | Swamp:4  | Entered Level 4 of the Swamp
 29400 | Swamp:3  | Mangled by a shambling mangrove

Vault maps used:
D:1:      lemuel_arrival_hallway, chequers_mini_garden
D:3:      first_ration
D:4:      elyvilon_altar_1
D:5:      slow_altar_1, serial_shops, nicolae_shop_stone, shop,
          kennysheep_little_box, nicolae_shop_statue_plus, shop,
          xom_confusion_cloud
D:6:      chequers_temple_overflow_statue_of_worship, uniq_eustachio,
          uniq_pikel, uniq_crazy_yiuf_cottage
D:7:      kennysheep_six_static_rooms, minmay_temple_entry_junction_2,
          hellmonk_ghost_happy_afterlife, minmay_crossroads
D:9:      enter_bailey_3, special_room, tgw_trog
D:10:     david_orc_5, biasface_ghost_orc_armoury, serial_shops,
          nicolae_shop_crystal
D:11:     uniq_harold, uniq_sonja, uniq_erolcha, uniq_maurice
D:12:     basic_altar
D:13:     hangedman_vaults_entry_quadrant_bands, serial_glass, glass_columns_a,
          glass_columns_a, portal_ice_cave_entry_imps
D:15:     hangedman_depths_entry_try_elsewhere_first, grunt_dithmenos_smoke,
          item_on_display_a
Temple:   compressed_dpeg_circular_temple
Lair:1:   lab_entry_generic, basic_altar, grunt_megastairs_4,
          serial_bayou_shore_a, serial_bayou_shore_b
Lair:2:   uniq_prince_ribbit2
Lair:3:   beast_lair_carwin_1, grunt_megastairs_5
Lair:4:   nicolae_swamp_entry_splash_gauntlet, spider_nest_entry_funnel_web,
          zaba_antful_of_joy
Lair:5:   slime_dummy
Lair:6:   gammafunk_lair_ancient_temple
Swamp:1:  evilmike_swamp_ruin_house_6
Swamp:2:  evilmike_swamp_ruin_house_4, infiniplex_staircase_pool_2
Swamp:3:  ebering_ghost_rock_garden, basic_altar
Swamp:4:  swamp_icy
Orc:2:    st_orc_congregation
Lab:      nicolae_lab_dead_end, nicolae_lab_stuck
Bailey:   bailey_axe_4, bailey
IceCv:    ice_cave_statue_garden_transporter

Skill      XL: |  1  2  3  4  5  6  7  8  9 10 11 12 13 14 15 16 |
---------------+-------------------------------------------------+-----
Conjurations   | 2 3 4 5 6 8 9 10 11 12 14 | 14.8
Fire Magic     | 4 5 6 8 9 10 | 10.0
Spellcasting   | 4 5 6 7 9 10 11 13 14 15 17 | 17.4
Evocations     | 1 2 4 5 7 9 10 | 10.0
Fighting       | 2 4 5 7 8 9 10 | 10.5
Dodging        | 5 7 9 10 11 | 11.1
Translocations | 3 5 |  5.0
Poison Magic   | 3 5 |  5.0
Summonings     | 3 7 8 |  8.0
Shields        | 1 4 |  4.5
Stealth        | |  2.4

Action                   |  1- 3 |  4- 6 |  7- 9 | 10-12 | 13-15 | 16-18 || total
-------------------------+-------+-------+-------+-------+-------+-------++-------
Melee: Whip              |     6 |       |       |       |       |       ||     6
       Dagger            |    22 |    58 |    64 |    20 |       |       ||   164
       Staff             |       |       |       |     2 |    12 |       ||    14
 Cast: Flame Tongue      |    55 |    80 |   152 |   381 |    17 |       ||   685
       Throw Flame       |    10 |    17 |    30 |   179 |   387 |       ||   623
       Conjure Flame     |     1 |     5 |     9 |    18 |     9 |       ||    42
       Sticky Flame      |       |     2 |    11 |    70 |    71 |     3 ||   157
       Fireball          |       |       |     5 |    38 |   151 |    42 ||   236
       Gell's Gravitas   |       |       |       |     2 |       |       ||     2
       Venom Bolt        |       |       |       |    12 |   130 |     2 ||   144
       Orb of Destructio |       |       |       |     7 |    38 |    15 ||    60
       Spellforged Servi |       |       |       |     1 |    33 |     6 ||    40
       Iron Shot         |       |       |       |       |     2 |    14 ||    16
 Abil: Evoke Flight      |       |       |       |       |     1 |       ||     1
Evoke: Wand              |       |     6 |       |     6 |     8 |     3 ||    23
  Use: Scroll            |       |       |     6 |    10 |    16 |     2 ||    34
       Potion            |       |       |       |     4 |       |     3 ||     7
 Stab: Sleeping          |       |     2 |       |       |       |       ||     2
       Distracted        |       |       |       |       |     1 |       ||     1
  Eat: Chunk             |     2 |     9 |    12 |    26 |    47 |       ||    96
       Ration            |       |       |       |     1 |     4 |     3 ||     8
Armor: Robe              |    10 |    13 |    14 |    18 |    15 |     2 ||    72
Dodge: Dodged            |    49 |    51 |    68 |   165 |   160 |    11 ||   504
       Deflected         |       |       |       |       |    13 |     2 ||    15
Block: Buckler           |       |       |       |       |       |     4 ||     4

Table legend:
 A = Non-vault XP
 B = Vault XP
 C = Vault XP percentage of total XP
 D = Non-vault monster count
 E = Vault monster count
 F = Vault count percentage of total count
                 A         B        C        D         E       F
            +---------+---------+-------+---------+---------+-------
      Total |  122240 |   50676 |  29.3 |     654 |     303 |  31.7
            +---------+---------+-------+---------+---------+-------
        D:1 |      29 |       0 |   0.0 |      18 |       0 |   0.0
        D:2 |     175 |       0 |   0.0 |      41 |       0 |   0.0
        D:3 |      53 |       0 |   0.0 |      19 |       0 |   0.0
        D:4 |     262 |       0 |   0.0 |      13 |       0 |   0.0
        D:5 |     581 |     182 |  23.9 |      22 |       5 |  18.5
        D:6 |     688 |     875 |  56.0 |      22 |       3 |  12.0
        D:7 |     660 |    1085 |  62.2 |      12 |       6 |  33.3
        D:8 |    3321 |       0 |   0.0 |      30 |       0 |   0.0
        D:9 |    1823 |     367 |  16.8 |      13 |      29 |  69.0
       D:10 |    2180 |    2276 |  51.1 |      24 |      35 |  59.3
       D:11 |    5528 |    2949 |  34.8 |      34 |       4 |  10.5
       D:12 |    3675 |       0 |   0.0 |      17 |       0 |   0.0
       D:13 |    7130 |    7902 |  52.6 |      28 |      31 |  52.5
       D:14 |    8850 |       0 |   0.0 |      37 |       0 |   0.0
       D:15 |   23497 |    2270 |   8.8 |      70 |       4 |   5.4
     Lair:1 |    2196 |     768 |  25.9 |      13 |       4 |  23.5
     Lair:2 |    5764 |     808 |  12.3 |      25 |       3 |  10.7
     Lair:3 |    6703 |    1450 |  17.8 |      27 |       9 |  25.0
     Lair:4 |    2574 |    7029 |  73.2 |      14 |      45 |  76.3
     Lair:5 |    5369 |       0 |   0.0 |      22 |       0 |   0.0
     Lair:6 |    5077 |    8710 |  63.2 |      26 |      25 |  49.0
    Swamp:1 |    4103 |       0 |   0.0 |      10 |       0 |   0.0
    Swamp:2 |    5945 |       0 |   0.0 |      21 |       0 |   0.0
    Swamp:3 |   15963 |    1590 |   9.1 |      37 |       1 |   2.6
    Swamp:4 |    4183 |       0 |   0.0 |      15 |       0 |   0.0
      Orc:1 |    2119 |       0 |   0.0 |      18 |       0 |   0.0
      Orc:2 |    2654 |   10285 |  79.5 |      25 |      61 |  70.9
        Lab |    1138 |     102 |   8.2 |       1 |       4 |  80.0
     Bailey |       0 |     961 | 100.0 |       0 |      27 | 100.0
      IceCv |       0 |    1067 | 100.0 |       0 |       7 | 100.0
            +---------+---------+-------+---------+---------+-------
